[Event "Titled Tuesday Blitz June 28 Late 2022"]
[White "Jessel, Stephen"]
[Black "Diaz Rosas, Julio Cesar"]
[WhiteFideId "628859"]
[BlackFideId "5105099"]
[WhiteElo "2268"]
[BlackElo "2278"]
[Result "1-0"]
[Round "08"]
[TimeControl "180+1"]
[Date "2022.06.28"]
[WhiteClock "0:00:06"]
[BlackClock "0:00:25"]

1. Nf3 d5 2. c4 e6 3. g3 a6 4. Bg2 dxc4 5. O-O Nc6 6. Qc2 Nf6 7. Qxc4 e5 8. d3 Be6 9. Qa4 Be7 10. Nxe5 O-O 11. Nxc6 bxc6 12. Qxc6 Bd5 13. Bxd5 Nxd5 14. Nc3 Nb4 15. Qa4 a5 16. Bf4 Bd6 17. Bxd6 cxd6 18. Rac1 Na6 19. d4 Rb8 20. Qc2 Re8 21. e3 h5 22. Qe2 h4 23. Qxa6 Rxb2 24. Rb1 Rxb1 25. Rxb1 h3 26. Qf1 Qd7 27. Nd5 Qa4 28. Qxh3 Qxa2 29. Nc3 Qc2 30. Qd7 Rf8 31. Qc7 a4 32. Rb8 Rxb8 33. Qxb8+ Kh7 34. Qb4 g6 35. Nxa4 g5 36. Nc3 Kg7 37. h3 Qf5 38. Kg2 Qd3 39. Qb2 f6 40. g4 Kh6 41. Ne2 Qe4+ 42. Kg1 Qf3 43. Ng3 Kh7 44. Qb8 Qc6 45. Qa7+ Kg8 46. Nf5 1-0


[Site "https://www.chess.com"]

[Event "Titled Tuesday Blitz June 28 Late 2022"]
[White "Jobava, Baadur"]
[Black "So, Wesley"]
[WhiteFideId "13601520"]
[BlackFideId "5202213"]
[WhiteElo "2617"]
[BlackElo "2742"]
[Result "0-1"]
[Round "08"]
[TimeControl "180+1"]
[Date "2022.06.28"]
[WhiteClock "0:00:34"]
[BlackClock "0:00:39"]

1. d4 Nf6 2. Bg5 d5 3. e3 c5 4. dxc5 Nc6 5. Bxf6 gxf6 6. c3 e6 7. b4 a5 8. Bb5 Bd7 9. Qb3 Rg8 10. Ne2 axb4 11. cxb4 Rg4 12. Bxc6 Bxc6 13. O-O f5 14. b5 Bd7 15. Rc1 Rc8 16. h3 Rc4 17. Rxc4 dxc4 18. Qc3 Bxb5 19. Na3 Ba6 20. Qh8 Rxc5 21. Nc3 Qg5 22. Qd4 Qd8 23. Qh8 Qg5 24. Qd4 Qg7 25. Qd2 Rd5 26. Qb2 Rd3 27. Rc1 Qe5 28. Nab1 Bd6 29. Kf1 b5 30. a3 Bc7 31. Qb4 Qd6 32. Nxb5 Rd1+ 33. Ke2 Qd3+ 34. Kf3 Bb7# 0-1


[Site "https://www.chess.com"]

[Event "Titled Tuesday Blitz June 28 Late 2022"]
[White "Kaganskiy, Gleb"]
[Black "Averjanov, Alexey"]
[WhiteFideId "4132025"]
[BlackFideId "14109867"]
[WhiteElo "2165"]
[BlackElo "2659"]
[Result "1-0"]
[Round "08"]
[TimeControl "180+1"]
[Date "2022.06.29"]
[WhiteClock "0:00:06"]
[BlackClock "0:01:29"]

1. a3 b6 2. b3 Bb7 3. Bb2 Nf6 4. Nf3 g6 5. g3 Bg7 6. Bg2 O-O 7. O-O c5 8. c4 d5 9. cxd5 Nxd5 10. Bxg7 Kxg7 11. d4 cxd4 12. Qxd4+ Nf6 13. Rd1 Nc6 14. Qxd8 Rfxd8 15. Nc3 Rxd1+ 16. Rxd1 Rd8 17. Ne5 Rxd1+ 18. Nxd1 Nxe5 19. Bxb7 e6 20. Ne3 Kf8 21. Kf1 Nfg4 22. Nxg4 Nxg4 23. h3 Ne5 24. Ke1 Ke7 25. Kd2 Kd6 26. Kc3 a5 27. b4 axb4+ 28. Kxb4 g5 29. Kb5 Kc7 30. Be4 h6 31. Bh7 Nc6 32. Bg8 Nd8 33. h4 f6 34. e3 e5 35. Bd5 Nb7 36. Bxb7 Kxb7 37. hxg5 hxg5 38. g4 Kc7 39. Ka6 Kc6 40. a4 e4 41. Ka7 Kc7 42. Ka6 Kc6 43. Ka7 b5 44. axb5+ Kxb5 45. Kb7 Kc4 46. Kc6 Kd3 47. Kd5 Ke2 48. Kxe4 Kxf2 49. Kf5 Kf3 50. e4 Kg3 51. Kxf6 Kxg4 52. e5 Kh3 53. e6 g4 54. e7 g3 55. e8=Q g2 56. Qh8+ Kg3 57. Qg7+ Kf2 58. Qa7+ Kf1 59. Qa1+ Kf2 60. Qb2+ Kf1 61. Qc1+ Kf2 62. Qf4+ Ke2 63. Qg3 Kf1 64. Qf3+ Kg1 65. Kg5 Kh2 66. Qf4+ Kh3 67. Qh4# 1-0


[Site "https://www.chess.com"]

[Event "Titled Tuesday Blitz June 28 Late 2022"]
[White "Kamsky, Gata"]
[Black "Yuan, Qingyu"]
[WhiteFideId "2000024"]
[BlackFideId "8609772"]
[WhiteElo "2645"]
[BlackElo "2359"]
[Result "1-0"]
[Round "08"]
[TimeControl "180+1"]
[Date "2022.06.28"]
[WhiteClock "0:01:31"]
[BlackClock "0:00:04"]

1. d4 d5 2. Bf4 Nf6 3. e3 e6 4. Nd2 Bd6 5. Ngf3 O-O 6. c3 c5 7. Bd3 Bxf4 8. exf4 cxd4 9. Nxd4 Qc7 10. g3 e5 11. fxe5 Qxe5+ 12. Qe2 Qd6 13. O-O Re8 14. Qf3 Bg4 15. Qg2 Qd7 16. Rfe1 Nc6 17. N2b3 Nxd4 18. Nxd4 a6 19. f3 Bh5 20. Qd2 Bg6 21. Bf1 h6 22. Rxe8+ Rxe8 23. Re1 Re7 24. Kf2 Qd6 25. Rxe7 Qxe7 26. Qe3 Qd6 27. Nb3 Kf8 28. Qd4 Bf5 29. Qc5 Ke7 30. Ke3 Qxc5+ 31. Nxc5 Bc8 32. b4 Kd6 33. Kd4 Ne8 34. a4 Nc7 35. a5 Ne6+ 36. Nxe6 fxe6 37. f4 Bd7 38. h4 Be8 39. Bd3 Bh5 40. c4 dxc4 41. Be4 Kc7 42. Kxc4 b6 43. Kd4 Be2 44. Ke5 Bc4 45. g4 bxa5 46. bxa5 Kd7 47. g5 Ke7 48. Kd4 Bb5 49. Kc5 Kd7 50. Kb6 Kc8 51. Bb7+ Kd7 52. Bxa6 Bxa6 53. Kxa6 Kc6 54. gxh6 gxh6 55. h5 Kd5 56. Kb6 Ke4 57. a6 Kxf4 58. a7 Kg5 59. a8=Q Kxh5 60. Qg2 e5 61. Kc5 1-0


[Site "https://www.chess.com"]

[Event "Titled Tuesday Blitz June 28 Late 2022"]
[White "Keymer, Vincent"]
[Black "Maghsoodloo, Parham"]
[WhiteFideId "12940690"]
[BlackFideId "12539929"]
[WhiteElo "2548"]
[BlackElo "2607"]
[Result "0-1"]
[Round "08"]
[TimeControl "180+1"]
[Date "2022.06.28"]
[WhiteClock "0:00:03"]
[BlackClock "0:00:07"]

1. Nf3 d5 2. e3 Nd7 3. c4 e6 4. Nc3 Nb6 5. b3 Nf6 6. Bb2 a5 7. d4 c6 8. Bd3 a4 9. c5 a3 10. Bc1 Nbd7 11. O-O e5 12. dxe5 Ng4 13. e4 d4 14. e6 fxe6 15. Ne2 Bxc5 16. h3 Nge5 17. Nfxd4 Nf6 18. Bc2 Nf7 19. Be3 Qe7 20. f4 e5 21. fxe5 Nxe5 22. b4 Bxb4 23. Bb3 Bd7 24. Nf5 Bxf5 25. exf5 Neg4 26. Bb6 Ne3 27. Qd3 Nxf1 28. Rxf1 Bc5+ 29. Bxc5 Qxc5+ 30. Kh1 Nd5 31. Nf4 O-O 32. Ne6 Qd6 33. Nxf8 Rxf8 34. Rd1 Rd8 35. Qe4 Kh8 36. Rd3 h6 37. Rg3 Qxg3 38. Bc2 Nf6 39. Qe7 Qd6 40. Qf7 Re8 41. Qg6 Re1# 0-1


[Site "https://www.chess.com"]

[Event "Titled Tuesday Blitz June 28 Late 2022"]
[White "Khan, Taffin"]
[Black "Abdi, Farzad"]
[WhiteFideId "19700024"]
[BlackFideId "2076829"]
[WhiteElo "1992"]
[BlackElo "2323"]
[Result "1-0"]
[Round "08"]
[TimeControl "180+1"]
[Date "2022.06.29"]
[WhiteClock "0:00:28"]
[BlackClock "0:01:21"]

1. e4 c5 2. Nf3 d6 3. c3 Nf6 4. h3 Nc6 5. d4 cxd4 6. cxd4 Nxe4 7. d5 Qa5+ 8. Nc3 Nxc3 9. bxc3 Ne5 10. Nxe5 dxe5 11. Be2 g6 12. O-O Bg7 13. Qb3 O-O 14. Bf3 Qb6 15. Qxb6 axb6 16. Rb1 Rxa2 17. Rxb6 Bf5 18. Be3 Bd3 19. Rc1 e4 20. Bd1 Rfa8 21. Rxb7 Ra1 22. Rb8+ Rxb8 23. Rxa1 Bxc3 24. Rc1 Rb1 25. Rxc3 Rxd1+ 26. Kh2 Kg7 27. Bd4+ f6 28. Rc7 Be2 29. Rxe7+ Kf8 30. Bxf6 Rxd5 31. Rxh7 Rf5 32. Bd4 Bc4 33. Rh8+ Kf7 34. Rh7+ Ke6 35. Ra7 Rb5 36. Be3 Rb2 37. Rc7 Bd5 38. Rg7 1-0


[Site "https://www.chess.com"]

[Event "Titled Tuesday Blitz June 28 Late 2022"]
[White "Khismatullin, Denis"]
[Black "Katz, Alexander"]
[WhiteFideId "4142578"]
[BlackFideId "2039796"]
[WhiteElo "2543"]
[BlackElo "2371"]
[Result "0-1"]
[Round "08"]
[TimeControl "180+1"]
[Date "2022.06.28"]
[WhiteClock "0:00:27"]
[BlackClock "0:00:16"]

1. Nf3 Nf6 2. c4 c6 3. Nc3 d5 4. e3 Bf5 5. cxd5 cxd5 6. Qb3 Bc8 7. d4 e6 8. Ne5 Bd6 9. Bd2 O-O 10. Rc1 Nbd7 11. f4 Nb6 12. Bd3 Bd7 13. O-O Rc8 14. a4 Rc7 15. h3 Qe7 16. a5 Na8 17. Nb5 Bxb5 18. Qxb5 Rfc8 19. Rxc7 Rxc7 20. g4 a6 21. Qb3 Bxe5 22. fxe5 Ne4 23. Bxe4 dxe4 24. Bb4 Qh4 25. Kg2 h5 26. Bd6 hxg4 27. Bxc7 Qxh3+ 28. Kf2 Nxc7 29. Qd1 g3+ 30. Ke2 g2 31. Rg1 Nd5 32. Qd2 Qf3+ 33. Ke1 Nxe3 34. Qe2 Qf1+ 35. Rxf1 gxf1=Q+ 36. Qxf1 Nxf1 37. Kxf1 f5 0-1


[Site "https://www.chess.com"]

[Event "Titled Tuesday Blitz June 28 Late 2022"]
[White "Kohler, Aran"]
[Black "Premnath, R."]
[WhiteFideId "1002856"]
[BlackFideId "5021928"]
[WhiteElo "2272"]
[BlackElo "2611"]
[Result "0-1"]
[Round "08"]
[TimeControl "180+1"]
[Date "2022.06.29"]
[WhiteClock "0:00:03"]
[BlackClock "0:00:24"]

1. d4 Nf6 2. Bg5 Ne4 3. h4 c5 4. d5 d6 5. Nc3 Qa5 6. Bd2 Nxd2 7. Qxd2 h5 8. e4 g6 9. Bb5+ Bd7 10. Bxd7+ Nxd7 11. Nf3 Bg7 12. O-O O-O 13. a3 b5 14. Rfe1 Ne5 15. Nxe5 Bxe5 16. g3 Rfb8 17. f4 Bd4+ 18. Kg2 b4 19. Nd1 Qb6 20. a4 c4 21. c3 bxc3 22. bxc3 Bg7 23. Nf2 Qb2 24. Re2 Qxd2 25. Rxd2 Bxc3 26. Rad1 Bxd2 27. Rxd2 Rb4 28. e5 Rxa4 29. exd6 exd6 30. Ne4 Rd8 31. f5 Kg7 32. f6+ Kf8 33. Rb2 c3 34. Nxc3 Rc4 35. Ne2 Rc7 36. Nd4 Re8 37. Nc6 Kg8 38. Kf3 Kh7 39. Ra2 Kh6 40. Kf4 Rb7 41. Rxa7 Rxa7 42. Nxa7 Re5 43. Nc6 Rxd5 44. Ne7 Re5 45. Ng8+ Kh7 46. Ne7 Re6 47. Kg5 Re3 48. Kf4 Re1 49. g4 Rf1+ 50. Kg5 Rg1 0-1


[Site "https://www.chess.com"]

[Event "Titled Tuesday Blitz June 28 Late 2022"]
[White "Kostiukov, Alexandr"]
[Black "Toncheva, Nadya"]
[WhiteFideId "14108100"]
[BlackFideId "2924056"]
[WhiteElo "2202"]
[BlackElo "1888"]
[Result "0-1"]
[Round "08"]
[TimeControl "180+1"]
[Date "2022.06.29"]
[WhiteClock "0:00:07"]
[BlackClock "0:00:07"]

1. g3 d5 2. Bg2 Nf6 3. d3 Bf5 4. Nc3 e6 5. e4 Bg6 6. exd5 exd5 7. Nge2 c6 8. O-O Bd6 9. Nf4 O-O 10. Re1 Nbd7 11. Bd2 Qc7 12. Nce2 Rfe8 13. Nxg6 hxg6 14. Nf4 Ne5 15. h3 Re7 16. d4 Nc4 17. Rxe7 Qxe7 18. b3 Nxd2 19. Qxd2 Re8 20. h4 Ng4 21. Bf3 Nh6 22. Kf1 Nf5 23. Bg4 Nxh4 24. Nd3 Nf5 25. Bxf5 gxf5 26. Re1 Qd8 27. Rxe8+ Qxe8 28. Qe2 Qe4 29. Qe3 Qxe3 30. fxe3 Bxg3 31. Nc5 b6 32. Nd3 Bd6 33. c4 Kf8 34. Ke2 Ke7 35. cxd5 cxd5 36. Kf3 g5 37. Nf2 g4+ 38. Ke2 Kf6 39. Nd3 Kg5 40. Kf2 f4 41. exf4+ Bxf4 42. Nb4 Kf5 43. Nxd5 Ke4 44. Nf6+ Kf5 45. Nd5 Bd6 46. Ne3+ Kg5 47. Nc4 Be7 48. Ne5 f5 49. Nc6 Bf6 50. d5 f4 51. d6 g3+ 52. Kf3 Kh4 0-1


[Site "https://www.chess.com"]

[Event "Titled Tuesday Blitz June 28 Late 2022"]
[White "Kovacevic, Radmila"]
[Black "Silvestre, Christian"]
[WhiteFideId "933171"]
[BlackFideId "30956269"]
[WhiteElo "2115"]
[BlackElo "2355"]
[Result "1-0"]
[Round "08"]
[TimeControl "180+1"]
[Date "2022.06.29"]
[WhiteClock "0:00:06"]
[BlackClock "0:01:01"]

1. e4 c6 2. d4 d5 3. exd5 cxd5 4. Nf3 Nc6 5. Bd3 Qc7 6. c3 Bg4 7. h3 Bh5 8. O-O e6 9. Re1 Bd6 10. Bg5 Nge7 11. Nbd2 O-O 12. Qc2 Bg6 13. Rac1 Rab8 14. b4 Rfc8 15. Qb1 b5 16. Bxg6 hxg6 17. Nb3 a5 18. bxa5 Nxa5 19. Ne5 Nc4 20. Bxe7 Bxe7 21. Nxg6 Bg5 22. Ne5 Nxe5 23. Rxe5 Bxc1 24. Qxc1 Qxc3 25. Qf4 Ra8 26. Rg5 Ra7 27. Qf6 g6 28. Rxg6+ fxg6 29. Qxg6+ Rg7 30. Qxe6+ Kf8 31. Nc5 Rxc5 32. Qd6+ Re7 33. dxc5 Qe5 34. Qh6+ Ke8 35. Qc6+ Kd8 36. Qxb5 Qe1+ 37. Kh2 Qe5+ 38. g3 Qc7 39. c6 Re5 40. Qc5 Ke8 41. h4 Re2 42. Kg2 d4 43. Qh5+ Kd8 44. Qxe2 Qxc6+ 45. Qf3 Qc3 46. Qd5+ Kc8 47. Qe6+ Kb7 48. Qb3+ Qxb3 49. axb3 Kc6 50. Kf3 Kc5 51. Ke4 Kb4 52. Kxd4 Kb5 53. h5 Kc6 54. h6 Kd7 55. h7 Ke6 56. h8=Q 1-0


[Site "https://www.chess.com"]

[Event "Titled Tuesday Blitz June 28 Late 2022"]
[White "Ladopoulos, Dimitrios"]
[Black "Bortnyk, Mykola"]
[WhiteFideId "4239580"]
[BlackFideId "14120836"]
[WhiteElo "2195"]
[BlackElo "2582"]
[Result "1-0"]
[Round "08"]
[TimeControl "180+1"]
[Date "2022.06.28"]
[WhiteClock "0:00:03"]
[BlackClock "0:00:18"]

1. Nf3 c5 2. e4 d6 3. d4 cxd4 4. Nxd4 Nf6 5. Nc3 g6 6. Be3 Bg7 7. f3 a6 8. Bc4 b5 9. Bb3 Bb7 10. Qd2 h5 11. a4 b4 12. Nd5 Bxd5 13. exd5 a5 14. O-O Qc7 15. Rae1 O-O 16. Kh1 Re8 17. Bg5 Na6 18. Nc6 Nb8 19. Bc4 Nxc6 20. dxc6 e6 21. Bb5 Nd5 22. Qc1 Rac8 23. Bd2 Qb6 24. c3 bxc3 25. bxc3 Ne7 26. Be3 Qc7 27. c4 Nxc6 28. Rd1 Red8 29. Bg5 f6 30. Be3 Ne5 31. c5 dxc5 32. Rxd8+ Qxd8 33. Qc2 c4 34. Rd1 Qc7 35. Bf4 Kh7 36. Re1 Qc5 37. Bxe5 fxe5 38. Re4 c3 39. Rh4 Qe3 40. Re4 Qd2 41. Re2 Qxc2 42. Rxc2 e4 43. fxe4 Bd4 44. g3 Kg7 45. Bd7 Kf6 46. Bxc8 Ke5 47. Kg2 Kxe4 48. Ba6 Ke3 49. Re2# 1-0


[Site "https://www.chess.com"]

[Event "Titled Tuesday Blitz June 28 Late 2022"]
[White "Lauridsen, Jesper Morch"]
[Black "Kuzmin, Roman"]
[WhiteFideId "1401890"]
[BlackFideId "44134932"]
[WhiteElo "2237"]
[BlackElo "1968"]
[Result "1-0"]
[Round "08"]
[TimeControl "180+1"]
[Date "2022.06.29"]
[WhiteClock "0:00:49"]
[BlackClock "0:00:55"]

1. e3 d5 2. c4 Nf6 3. Nf3 e6 4. b3 b6 5. Bb2 Bb7 6. Be2 Be7 7. O-O O-O 8. Nc3 dxc4 9. bxc4 c5 10. d4 cxd4 11. exd4 Nc6 12. a3 Na5 13. Ne5 Rc8 14. Qd3 Qc7 15. Qg3 Rfd8 16. Rac1 Qb8 17. Bf3 Bxf3 18. Qxf3 Rxd4 19. Nd5 exd5 20. Bxd4 dxc4 21. Rfe1 Bd6 22. Ng4 Nxg4 23. Qxg4 Bf8 24. Rc3 Nb3 25. Bxg7 Bxg7 26. Rg3 Qxg3 27. Qxc8+ Bf8 1-0


[Site "https://www.chess.com"]

[Event "Titled Tuesday Blitz June 28 Late 2022"]
[White "Maksimovic, Bojan"]
[Black "Papp, Levente"]
[WhiteFideId "14408120"]
[BlackFideId "751243"]
[WhiteElo "2453"]
[BlackElo "2308"]
[Result "1-0"]
[Round "08"]
[TimeControl "180+1"]
[Date "2022.06.28"]
[WhiteClock "0:00:11"]
[BlackClock "0:00:01"]

1. e4 e6 2. d4 d5 3. Nc3 Bb4 4. exd5 exd5 5. Bd3 Nc6 6. Ne2 Nge7 7. O-O O-O 8. a3 Bxc3 9. Nxc3 Bf5 10. Be2 Qd7 11. Bf4 Rfe8 12. Qd2 Nd8 13. Rfe1 Ne6 14. Bg3 Nc6 15. Bb5 Nexd4 16. Qxd4 Nxd4 17. Bxd7 Bxd7 18. Red1 Ne2+ 19. Nxe2 Rxe2 20. Rxd5 Be6 21. Rc5 c6 22. Rd1 Bd5 23. c4 b6 24. cxd5 bxc5 25. dxc6 f6 26. c7 Kf7 27. Kf1 Ree8 28. Rd5 c4 29. Rc5 Rac8 30. Rxc4 Re6 31. Ra4 a6 32. Rd4 g5 33. h4 Kg6 34. b4 h5 35. a4 Rc6 36. Ke2 R8xc7 37. Bxc7 Rxc7 38. hxg5 Kxg5 39. Kd3 Rc1 40. Rd5+ f5 41. Ra5 Rg1 42. g3 Rf1 43. Rxa6 Rb1 44. b5 Kg4 45. Rg6+ Kf3 46. Rg5 Kxf2 47. Rxf5+ 1-0


[Site "https://www.chess.com"]

[Event "Titled Tuesday Blitz June 28 Late 2022"]
[White "Martinez Alcantara, Jose Eduardo"]
[Black "Andreikin, Dmitry"]
[WhiteFideId "3805662"]
[BlackFideId "4158814"]
[WhiteElo "2703"]
[BlackElo "2736"]
[Result "1/2-1/2"]
[Round "08"]
[TimeControl "180+1"]
[Date "2022.06.28"]
[WhiteClock "0:00:08"]
[BlackClock "0:00:14"]

1. e4 e5 2. Nf3 Nf6 3. d4 Nxe4 4. Bd3 d5 5. Nxe5 Nd7 6. Nxd7 Bxd7 7. Nd2 Nxd2 8. Bxd2 Qh4 9. Qe2+ Be7 10. c3 O-O-O 11. O-O-O Rde8 12. h3 Qf6 13. Be3 Bd6 14. Qd2 Bf5 15. Rde1 Bxd3 16. Qxd3 c6 17. Re2 Re4 18. Bd2 Rhe8 19. Rxe4 dxe4 20. Qe2 Qe6 21. b3 f5 22. g3 g6 23. h4 Qd5 24. Re1 Qa5 25. Kb1 e3 26. Qd3 f4 27. gxf4 exd2 28. Rxe8+ Kd7 29. Re3 Bxf4 30. Qxd2 Bxe3 31. Qxe3 Qf5+ 32. Kb2 Qg4 33. Qh6 Qe2+ 34. Ka3 Qa6+ 35. Kb2 Qe2+ 36. Ka3 Qa6+ 37. Kb2 Qe2+ 1/2-1/2


[Site "https://www.chess.com"]

[Event "Titled Tuesday Blitz June 28 Late 2022"]
[White "Martinez, Shawn"]
[Black "Omariev, Maksim"]
[WhiteFideId "2039770"]
[BlackFideId "4193423"]
[WhiteElo "2174"]
[BlackElo "2443"]
[Result "0-1"]
[Round "08"]
[TimeControl "180+1"]
[Date "2022.06.29"]
[WhiteClock "0:01:49"]
[BlackClock "0:02:08"]

1. e4 c5 2. Nc3 d6 3. Bb5+ Nd7 4. f4 a6 5. Bxd7+ Bxd7 6. Nf3 g6 7. O-O Bg7 8. d3 Bc6 9. f5 Nf6 10. Qe1 gxf5 11. Nh4 fxe4 12. Nf5 Rg8 13. Nxg7+ Rxg7 14. Rxf6 exf6 15. Nxe4 Bxe4 16. Qxe4+ Qe7 17. Qh4 O-O-O 18. Bh6 Rg6 19. Re1 Rxh6 0-1


[Site "https://www.chess.com"]

[Event "Titled Tuesday Blitz June 28 Late 2022"]
[White "Meunier-Pion, Jean"]
[Black "Domingo Nunez, Ruben"]
[WhiteFideId "20685327"]
[BlackFideId "22245570"]
[WhiteElo "2124"]
[BlackElo "2376"]
[Result "1-0"]
[Round "08"]
[TimeControl "180+1"]
[Date "2022.06.29"]
[WhiteClock "0:00:05"]
[BlackClock "0:00:02"]

1. e4 Nc6 2. d4 d5 3. e5 Bf5 4. c3 f6 5. f4 Qd7 6. Nf3 Nh6 7. Bd3 Bxd3 8. Qxd3 Qf5 9. Qxf5 Nxf5 10. g4 Nh6 11. Rg1 e6 12. Be3 Nf7 13. Nbd2 h5 14. g5 fxg5 15. fxg5 g6 16. Ke2 Ne7 17. a4 Nf5 18. a5 Be7 19. a6 b6 20. Nb3 Kd7 21. Nc1 c5 22. Nd3 c4 23. Nf4 Rhg8 24. b3 cxb3 25. c4 Nxe3 26. Kxe3 dxc4 27. d5 Bc5+ 28. Ke4 exd5+ 29. Kxd5 Bxg1 30. e6+ Ke7 31. exf7 Rgd8+ 32. Kxc4 Rac8+ 33. Kxb3 Be3 34. Re1 Kxf7 35. Rxe3 Re8 36. Rd3 Rc5 37. Rd7+ Re7 38. Rb7 Rf5 39. Nd4 Rxf4 40. Nc6 Re4 41. Nxa7 Ke6 42. Nc6 Rxb7 43. axb7 Kd6 44. b8=Q+ Kxc6 45. Qa8+ 1-0


[Site "https://www.chess.com"]

[Event "Titled Tuesday Blitz June 28 Late 2022"]
[White "Mickiewicz, Piotr"]
[Black "Romanchuk, Viktor"]
[WhiteFideId "1114891"]
[BlackFideId "14109271"]
[WhiteElo "2209"]
[BlackElo "2242"]
[Result "1-0"]
[Round "08"]
[TimeControl "180+1"]
[Date "2022.06.29"]
[WhiteClock "0:00:17"]
[BlackClock "0:00:02"]

1. e4 e6 2. d3 d5 3. Nc3 c5 4. Nf3 Nc6 5. g3 g6 6. Bg2 Bg7 7. O-O Nge7 8. Re1 O-O 9. h4 d4 10. Nb1 b5 11. a4 bxa4 12. Rxa4 a5 13. h5 Ba6 14. Ra1 Nc8 15. Na3 Nb6 16. h6 Bh8 17. e5 Qc7 18. Bf4 Nd5 19. Qd2 Nxf4 20. Qxf4 f6 21. Qg4 f5 22. Qf4 Rab8 23. b3 Nb4 24. Nd2 Qd8 25. Nf3 Nd5 26. Qd2 Rb4 27. Ng5 Re8 28. Nc4 Bxc4 29. dxc4 Nb6 30. Bc6 Re7 31. Nf3 Ra7 32. Ra3 Qc7 33. Bb5 Nd7 34. Bxd7 Qxd7 35. Rea1 Qc7 36. Qe2 Rb8 37. Ra4 Rba8 38. Re1 Qe7 39. Qd2 Qc7 40. Ng5 Qd7 41. f4 Qe7 42. Nf3 Ra6 43. Rea1 Qc7 44. Ne1 Qd8 45. Nd3 Qf8 46. Qh2 Qe7 47. Qh4 Qxh4 48. gxh4 Rc6 49. Kg2 Kf7 50. Kg3 Ke7 51. Rxa5 Rxa5 52. Rxa5 1-0


[Site "https://www.chess.com"]

[Event "Titled Tuesday Blitz June 28 Late 2022"]
[White "Mirzoev, Azer"]
[Black "Colpe, Malte"]
[WhiteFideId "13400304"]
[BlackFideId "24623075"]
[WhiteElo "2525"]
[BlackElo "2328"]
[Result "1-0"]
[Round "08"]
[TimeControl "180+1"]
[Date "2022.06.29"]
[WhiteClock "0:00:02"]
[BlackClock "0:00:06"]

1. c4 e6 2. Nc3 d5 3. e3 a6 4. Nf3 dxc4 5. Bxc4 b5 6. Bb3 c5 7. d3 Bb7 8. O-O Nf6 9. h3 Be7 10. e4 O-O 11. a3 Nc6 12. Be3 Rc8 13. Rc1 Na5 14. Bc2 Qc7 15. Bb1 Qb8 16. Qe2 Rfd8 17. Rcd1 h6 18. Rfe1 Bc6 19. Nh2 b4 20. axb4 cxb4 21. Na2 Ba4 22. Rc1 Nb3 23. Rxc8 Qxc8 24. Nf3 a5 25. Nc1 Nc5 26. Ne5 Bb5 27. Qf3 Qc7 28. d4 Na4 29. Qg3 Kf8 30. Bxh6 gxh6 31. Ng6+ fxg6 32. Qxc7 Nxb2 33. Qxa5 Bc6 34. d5 exd5 35. exd5 Bxd5 36. Qb6 Nc4 37. Qb5 Bf7 38. Qa6 Nd2 39. Nd3 Nxb1 40. Rxb1 b3 41. Nf4 Bd6 42. g3 Bxf4 43. Qxf6 Bc7 44. Qh8+ Ke7 45. Qxh6 Rb8 46. Qg5+ Kd7 47. Qg4+ Be6 48. Qd4+ Bd6 49. Qg7+ Be7 50. Qxg6 Rb5 51. Qd3+ Kc6 52. Qc3+ Rc5 53. Qe3 Kd7 54. Re1 Rc6 55. Qe2 Rb6 56. Qe3 Kc7 57. Qf4+ Kd7 58. Qe5 b2 59. Rb1 Rd6 60. Qxb2 Bd8 61. Qb5+ 1-0


[Site "https://www.chess.com"]

[Event "Titled Tuesday Blitz June 28 Late 2022"]
[White "Mortazavi, Ali"]
[Black "Yaksin, Oleg"]
[WhiteFideId "401323"]
[BlackFideId "24105880"]
[WhiteElo "2339"]
[BlackElo "2256"]
[Result "1-0"]
[Round "08"]
[TimeControl "180+1"]
[Date "2022.06.28"]
[WhiteClock "0:00:33"]
[BlackClock "0:00:02"]

1. Nf3 Nf6 2. g3 e6 3. Bg2 d5 4. O-O Be7 5. d3 O-O 6. Nbd2 b6 7. e4 dxe4 8. dxe4 Bb7 9. e5 Nfd7 10. Re1 Qc8 11. c3 Rd8 12. Qe2 Nf8 13. h4 a5 14. h5 h6 15. Nc4 Na6 16. Nd4 Bxg2 17. Kxg2 Qb7+ 18. Qf3 Qxf3+ 19. Kxf3 Nc5 20. Nc6 Rd7 21. Be3 Nd3 22. Red1 Bg5 23. Ke2 Bxe3 24. Kxe3 Nc5 25. f4 a4 26. Rxd7 Nfxd7 27. Rd1 b5 28. Na3 Ra6 29. Nd4 c6 30. Ndc2 Kf8 31. Nb4 Rb6 32. Rd6 Nb8 33. Nac2 Nb7 34. Rd1 c5 35. Nd3 Ke7 36. Nf2 c4 37. Ne4 Na6 38. g4 Nac5 39. Nb4 Nxe4 40. Kxe4 Nc5+ 41. Ke3 Nb7 42. a3 Nc5 43. Rg1 f6 44. g5 hxg5 45. fxg5 fxe5 46. h6 gxh6 47. gxh6 Kf6 48. h7 1-0


[Site "https://www.chess.com"]

[Event "Titled Tuesday Blitz June 28 Late 2022"]
[White "Munoz, Francisco Javier"]
[Black "Arnold, Ken"]
[WhiteFideId "128368"]
[BlackFideId "2056836"]
[WhiteElo "2383"]
[BlackElo "2264"]
[Result "1-0"]
[Round "08"]
[TimeControl "180+1"]
[Date "2022.06.29"]
[WhiteClock "0:00:13"]
[BlackClock "0:00:03"]

1. Nc3 d5 2. d4 Nf6 3. Bg5 c6 4. Qd2 Bf5 5. O-O-O Nbd7 6. f3 h6 7. Bh4 g5 8. Bf2 Bg7 9. h4 g4 10. e3 e6 11. Nge2 Qa5 12. Ng3 Bh7 13. Bd3 O-O-O 14. Bxh7 Rxh7 15. e4 dxe4 16. fxe4 h5 17. Kb1 Ne8 18. Qe2 Nc7 19. e5 Nd5 20. Nce4 N7b6 21. Nd6+ Kb8 22. Nxf7 Na4 23. Rd3 Rf8 24. Nd6 Bh6 25. Be1 Qb6 26. Rb3 Qxd4 27. Rf1 Rxf1 28. Nxf1 Bf4 29. Bf2 Qxe5 30. Qxe5 Bxe5 31. Nc4 Bc7 32. Bg3 Nab6 33. Nxb6 axb6 34. Bxc7+ Kxc7 35. Ng3 Nf4 36. Re3 Rd7 37. Kc1 Rd4 38. c3 Rd5 39. Kc2 b5 40. Re4 1-0


[Site "https://www.chess.com"]

[Event "Titled Tuesday Blitz June 28 Late 2022"]
[White "Navarrete Mendez, Gonzalo Alberto"]
[Black "Xu, Yi"]
[WhiteFideId "5106850"]
[BlackFideId "8605564"]
[WhiteElo "2261"]
[BlackElo "2471"]
[Result "1/2-1/2"]
[Round "08"]
[TimeControl "180+1"]
[Date "2022.06.28"]
[WhiteClock "0:00:53"]
[BlackClock "0:00:03"]

1. e4 c5 2. Nf3 d6 3. Nc3 Nf6 4. Bc4 e6 5. d4 cxd4 6. Nxd4 a6 7. Bb3 b5 8. Bg5 Be7 9. Qf3 Qc7 10. Bxf6 Bxf6 11. e5 Bxe5 12. Qxa8 Bxd4 13. Qf3 Bb7 14. Qg3 O-O 15. O-O-O Qc5 16. Rhf1 Nd7 17. Ne2 Be5 18. f4 Bf6 19. f5 exf5 20. Qxd6 Qe3+ 21. Kb1 Qxe2 22. Qxd7 Qe5 23. c3 Be4+ 24. Bc2 b4 25. Bxe4 Qxe4+ 26. Qd3 Qxg2 27. Rd2 Qg4 28. Qxf5 Qxf5+ 29. Rxf5 bxc3 30. bxc3 Bxc3 31. Rd7 g6 32. Rc5 Rb8+ 33. Kc2 Ba1 34. Rcc7 Rb2+ 35. Kc1 Rf2 36. a4 Be5 37. Rc2 Rxc2+ 38. Kxc2 Bxh2 39. Ra7 h5 40. Rxa6 Kg7 41. Kd3 Bg1 42. Ke2 f6 43. Kf3 g5 44. Kg2 Bd4 45. Rd6 Bc5 46. Rc6 Bd4 47. a5 Kg6 48. a6 Kf5 49. Rd6 Be3 50. Rd3 Bb6 51. Rb3 Bd4 52. Rb5+ Kg6 53. Rd5 Bb6 54. Rb5 Bd4 55. Rb4 Bc5 56. Rb7 h4 57. a7 Bxa7 58. Rxa7 g4 59. Ra8 f5 60. Rg8+ Kh5 61. Rh8+ Kg5 62. Rg8+ Kf4 63. Rh8 h3+ 64. Kf2 g3+ 65. Kg1 Kg4 66. Rg8+ Kf3 67. Ra8 f4 68. Ra3+ Kg4 69. Ra8 Kf3 70. Ra3+ Kg4 71. Ra8 h2+ 72. Kh1 f3 73. Rg8+ Kf4 74. Rf8+ Ke3 75. Rf7 Ke2 76. Re7+ Kf2 77. Rg7 g2+ 78. Kxh2 Kf1 79. Rg3 f2 80. Rxg2 Ke1 81. Rxf2 Kxf2 1/2-1/2


[Site "https://www.chess.com"]

[Event "Titled Tuesday Blitz June 28 Late 2022"]
[White "Nikologorsky, Matfei"]
[Black "Janaszak, Dawid"]
[WhiteFideId "24102474"]
[BlackFideId "1119206"]
[WhiteElo "2231"]
[BlackElo "2199"]
[Result "0-1"]
[Round "08"]
[TimeControl "180+1"]
[Date "2022.06.29"]
[WhiteClock "0:00:05"]
[BlackClock "0:01:07"]

1. e4 c5 2. Nf3 Nc6 3. d4 cxd4 4. Nxd4 g6 5. Nc3 Bg7 6. Be3 Nf6 7. Nxc6 bxc6 8. e5 Ng8 9. Bd4 f6 10. Qe2 Qa5 11. f4 Rb8 12. O-O-O c5 13. Bf2 Qb4 14. Nb5 Qxf4+ 15. Kb1 Qxe5 16. Qxe5 fxe5 17. Nc7+ Kf7 18. Bc4+ e6 19. Bxc5 d5 20. Be2 Nf6 21. Nb5 Ne4 22. Rhf1+ Bf6 23. Bxa7 Rb7 24. Bg1 Bd7 25. c4 Bc6 26. Bd3 Bxb5 27. cxb5 Nd6 28. a4 Ra8 29. Bc2 e4 30. Bd4 Ne8 31. b4 Kg7 32. Kb2 Bxd4+ 33. Rxd4 Nd6 34. Kb3 Nf5 35. Rd2 Ne3 36. Re1 Nc4 37. Rf2 Rc8 38. Bd1 Rbc7 39. Be2 Nd2+ 40. Ka3 Rc2 41. a5 R8c3+ 42. Ka4 Ra2# 0-1


[Site "https://www.chess.com"]